 Dungeon Crawl Stone Soup version 0.21-a0-442-g848f44b (webtiles) character file.

1092 tof the Twirler (level 8, -3/61 HPs)
             Began as a Demonspawn Gladiator on Nov 12, 2017.
             Killed by divine providence
             ... invoked by an orc priest
              (7 damage)
             ... on level 6 of the Dungeon.
             The game lasted 00:08:29 (5931 turns).

tof the Twirler (Demonspawn Gladiator)              Turns: 5931, Time: 00:08:30

Health: -3/61      AC: 20    Str: 14    XL:     8   Next: 9%
Magic:  8/8        EV:  8    Int:  9    God:
Gold:   281        SH:  0    Dex: 18    Spells: 7/7 levels left

rFire    . . .     SeeInvis .   a - +0 quarterstaff
rCold    . . .     Gourm    .   (shield currently unavailable)
rNeg     . . .     Faith    .   q - +0 chain mail
rPois    +         Spirit   .   c - +0 helmet
rElec    .         Reflect  .   (no cloak)
rCorr    .         Harm     .   m - +0 pair of gloves
MR       +....                  (no boots)
Stlth    +.........             (no amulet)
HPRegen  0.20/turn              H - ring of poison resistance
MPRegen  0.11/turn              l - ring of protection from magic

@: sanguine armour
A: nightstalker 2, rot immunity, sanguine armour 2
a: no special abilities


You were on level 6 of the Dungeon.
You were hungry.

You visited 1 branch of the dungeon, and saw 6 of its levels.

You collected 281 gold pieces.

Inventory:

Hand Weapons
 a - a +0 quarterstaff (weapon)
Missiles
 d - 3 throwing nets
 r - 5 silver javelins (quivered)
Armour
 c - a +0 helmet (worn)
 m - a +0 pair of gloves (worn)
 q - a +0 chain mail (worn)
Jewellery
 l - a ring of protection from magic (right hand)
 v - a +3 ring of strength
 D - an uncursed ring of see invisible
 E - an uncursed ring of protection from magic
 H - a ring of poison resistance (left hand)
 I - a +2 ring of protection {unknown}
Wands
 b - a wand of polymorph (15/24)
 u - a wand of flame (19/48)
Scrolls
 e - a scroll of recharging {unknown}
 j - a scroll of noise {unknown}
 k - 2 scrolls of fog {unknown}
 n - 2 scrolls of immolation {unknown}
 o - 2 scrolls of fear {unknown}
 w - 3 scrolls of remove curse
 x - 2 scrolls of enchant armour {unknown}
 y - 3 scrolls of identify {unknown}
 B - 2 scrolls of amnesia {unknown}
 F - 3 scrolls of enchant weapon {unknown}
 K - a scroll of teleportation {unknown}
Potions
 h - a potion of degeneration {unknown}
 i - 2 potions of might {unknown}
 s - 4 potions of agility {unknown}
 t - 3 potions of cancellation {unknown}
 z - a potion of heal wounds {unknown}
 A - a potion of flight {unknown}
 C - a potion of magic {unknown}
 G - a potion of invisibility {unknown}
Comestibles
 f - 3 bread rations
 g - 2 meat rations
 p - 2 royal jellies
 J - 2 chunks of flesh


   Skills:
 + Level 4.6 Fighting
 * Level 6.1 Staves
 - Level 1.7 Throwing
 + Level 3.5 Armour
 + Level 4.7 Dodging


You had 7 spell levels left.
You didn't know any spells.

Dungeon Overview and Level Annotations

Branches:
Dungeon (6/15)
 Temple: D:4-7

Altars:
Ashenzari
Cheibriados
Makhleb
Qazlal
Ru


Innate Abilities, Weirdness & Mutations

You are significantly more attuned to the shadows.
You are immune to rotting.
When seriously injured, your bleeding wounds create thick armour. (AC +9)


Message History

The orc warrior is almost dead.
The killer bee zombie hits you.
* * * LOW HITPOINT WARNING * * *
The killer bee zombie completely misses you.
The orc priest calls upon Beogh to heal the orc warrior.
The orc warrior is healed somewhat.
You hit the orc warrior.
The orc warrior is almost dead.
The killer bee zombie hits you but does no damage.
The orc warrior hits you but does no damage.
The killer bee zombie hits you.
* * * LOW HITPOINT WARNING * * *
You hit the orc warrior.
The orc warrior is almost dead.
The killer bee zombie barely misses you.
The orc warrior hits you with a mace.
* * * LOW HITPOINT WARNING * * *
The orc priest invokes the aid of Beogh against you.
Beogh smites you!
You die...

.... #.#
....##'##### #
....#......#
#..#
..........#
#...
###.........
#...
######.........
#...
...............
....
######.Zo......
.... #.#@##....
#.. #.#o# ...
#Z.o# ##..#
.... .....
.......


You could see an orc warrior, an orc priest, an orc and a killer bee zombie.

Vanquished Creatures
  The ghost of Qupu the Ruffian, an amateur TrMo of Ru (D:3)
  2 ogres
  A wyvern skeleton (D:5)
  A scorpion (D:6)
  2 howler monkeys
  A bullfrog zombie (D:5)
  A crimson imp (D:5)
  An orc priest (D:5)
  3 hounds (D:4)
  A jelly (D:5)
  4 orc wizards
  Ijyb (D:2)
  2 worker ants (D:5)
  A worker ant zombie (D:5)
  5 adders
  An adder zombie (D:5)
  6 worms
  5 dart slugs
  4 leopard geckos
  15 orcs
  11 bats
  3 giant cockroaches
  6 hobgoblins
  6 jackals
  6 kobolds
  3 quokkas
  A ball python (D:2)
  8 frilled lizards
  15 goblins
  5 rats
122 creatures vanquished.

Notes
Turn   | Place    | Note
-------+----------+-------------------------------------------
     0 | D:1      | tof the Demonspawn Gladiator began the quest for the Orb.
     0 | D:1      | Reached XP level 1. HP: 16/16 MP: 1/1
   125 | D:1      | Gained mutation: When seriously injured, your bleeding wounds create armour. (AC +9) [demonic ancestry]
   125 | D:1      | Reached XP level 2. HP: 14/22 MP: 2/2
   328 | D:1      | Reached skill level 3 in Staves
   931 | D:1      | Reached XP level 3. HP: 28/28 MP: 3/3
  1324 | D:2      | Reached skill level 1 in Armour
  1958 | D:2      | Reached XP level 4. HP: 27/34 MP: 4/4
  2019 | D:2      | Noticed Ijyb
  2045 | D:2      | Killed Ijyb
  2159 | D:2      | Found a burning altar of Makhleb.
  2159 | D:2      | Noticed a blizzard demon
  2162 | D:2      | Noticed a hellwing
  2162 | D:2      | Noticed a smoke demon
  2362 | D:2      | Found a snail-covered altar of Cheibriados.
  2503 | D:3      | Noticed Qupu's ghost (amateur TrMo)
  2515 | D:3      | Killed Qupu's ghost
  2515 | D:3      | Reached skill level 4 in Staves
  2515 | D:3      | Gained mutation: When seriously injured, your bleeding wounds create thick armour. (AC +9) [demonic ancestry]
  2515 | D:3      | Reached XP level 5. HP: 6/41 MP: 5/5
  2861 | D:3      | Found a faded altar of an unknown god.
  2881 | D:3      | Gained mutation: You are immune to rotting. [demonic ancestry]
  2881 | D:3      | Reached XP level 6. HP: 40/47 MP: 6/6
  3472 | D:3      | Found a shattered altar of Ashenzari.
  3750 | D:4      | Found a sacrificial altar of Ru.
  4090 | D:4      | Reached skill level 5 in Staves
  4090 | D:4      | Gained mutation: You are slightly more attuned to the shadows. [demonic ancestry]
  4090 | D:4      | Reached XP level 7. HP: 32/53 MP: 7/7
  4715 | D:5      | Entered Level 5 of the Dungeon
  5191 | D:5      | Noticed a water elemental
  5193 | D:5      | Found a stormy altar of Qazlal.
  5194 | D:5      | Noticed a fire elemental
  5196 | D:5      | Noticed an air elemental
  5466 | D:5      | Reached skill level 6 in Staves
  5599 | D:5      | Gained mutation: You are significantly more attuned to the shadows. [demonic ancestry]
  5599 | D:5      | Reached XP level 8. HP: 43/61 MP: 8/8
  5931 | D:6      | Killed from afar by an orc priest

Vault maps used:
D:1:      nagdon_arrival_zigzag_paths
D:2:      kennysheep_the_goblin_king, kennysheep_slug_shrine,
          makhleb_altar_promises_db
D:3:      lemuel_coloured_pillars_altar, chequers_ecumenical_altar_simple_redux,
          minmay_crystal_water
D:4:      kennysheep_mini, minmay_misc_feat_pillars
D:5:      first_bread, grunt_decor_one_mirror, nicolae_qazlal_style_of_elements
D:6:      lemuel_crystal_altar, cheibrodos_sewer_entry_drain, serial_shops,
          nicolae_shop_window_shopping

Skill      XL: |  1  2  3  4  5  6  7 |
---------------+----------------------+-----
Staves         | 3 4 5 6 |  6.1
Dodging        | 3 4 |  4.7
Armour         | 1 2 3 |  3.5
Fighting       | 3 4 |  4.6
Throwing       | |  1.7

Action                   |  1- 3 |  4- 6 |  7- 9 || total
-------------------------+-------+-------+-------++-------
Melee: Quarterstaff      |   144 |   162 |   194 ||   500
Throw: Javelin           |       |     2 |     1 ||     3
  Use: Scroll            |       |       |     1 ||     1
  Eat: Chunk             |     3 |     7 |     6 ||    16
Armor: Leather armour    |    33 |       |       ||    33
       Chain mail        |    40 |    92 |   126 ||   258
Dodge: Dodged            |    94 |    61 |   108 ||   263

Table legend:
 A = Spawn XP
 B = Non-spawn XP
 C = Spawn XP percentage of total XP
 D = Spawn monster count
 E = Non-spawn monster count
 F = Spawn count percentage of total count
 G = Total turns spent on level
                    A         B        C        D         E        F      G
               +---------+---------+-------+---------+---------+-------+---------
         Total |       0 |    1561 |   0.0 |       0 |     122 |   0.0 |  5931
               +---------+---------+-------+---------+---------+-------+---------
           D:1 |       0 |      50 |   0.0 |       0 |      27 |   0.0 |  1346
           D:2 |       0 |     106 |   0.0 |       0 |      30 |   0.0 |  1220
           D:3 |       0 |     258 |   0.0 |       0 |      14 |   0.0 |   975
           D:4 |       0 |     456 |   0.0 |       0 |      22 |   0.0 |  1185
           D:5 |       0 |     609 |   0.0 |       0 |      26 |   0.0 |  1028
           D:6 |       0 |      82 |   0.0 |       0 |       3 |   0.0 |   177
               +---------+---------+-------+---------+---------+-------+---------
